 Dungeon Sprint DCSS version 0.29.1-2-gbd0b4ee654 (webtiles) character file.

Game seed: 1352816228154570565

26100000 Ashen the Axe Maniac (level 27, -125/228 HPs)
             Began as a Djinni Warper on Oct 25, 2022.
             Was the Champion of Makhleb.
             Annihilated by a fleshlord
             ... wielding a +9 great mace
              (130 damage)
             ... in the Dungeon (Sprint VIII: "Arena of Blood").
             The game lasted 00:13:58 (261 turns).

Ashen the Axe Maniac (Djinni Warper)                 Turns: 261, Time: 00:13:58

Health: -125/228   AC:  6    Str: 10    XL:     27
Gold:   0          EV: 26    Int: 27    God:    Makhleb [******] SH:  0 Dex: 15

rFire   + + +      SeeInvis +   i - +∞ Axe of Woe
rCold   x . .      Faith    .   (shield currently unavailable)
rNeg    . . .      Spirit   .   b - +0 leather armour
rPois   ∞          Reflect  .   (no helmet)
rElec   .          Harm     .   (no cloak)
rCorr   .          Rampage  .   (no gloves)
Will    ++...      NoTele   +   (boots unavailable)
Stlth   +++.......              (no amulet)
HPRegen 0.48/turn               j - ring of see invisible
MPRegen 0.00/turn               k - ring of protection from fire

@: confused, flying, slowed, very slow
A: sickness immunity, fire resistance 2, cold vulnerability 1, float, innate
caster, HP casting, extra vitality 1
a: Renounce Religion, Minor Destruction, Lesser Servant of Makhleb, Major
Destruction, Greater Servant of Makhleb


You were in the Dungeon.
You worshipped Makhleb.
Makhleb was exalted by your worship.
You visited 1 branch

Inventory:

Hand Weapons
 a - a +0 hand axe
 i - the +∞ Axe of Woe (weapon)
   (You found it in the Dungeon)
Missiles
 d - 7 boomerangs of dispersal (quivered)
Armour
 b - a +0 leather armour (worn)
Jewellery
 j - a ring of see invisible (left hand)
 k - a ring of protection from fire (right hand)
Scrolls
 c - 2 scrolls of blinking
Potions
 e - a potion of curing
 f - a potion of heal wounds
 g - a potion of haste
 h - a potion of berserk rage


   Skills:
 O Level 27 Fighting
 O Level 27 Short Blades
 O Level 27 Long Blades
 O Level 27 Axes
 O Level 27 Maces & Flails
 O Level 27 Polearms
 O Level 27 Staves
 O Level 27 Ranged Weapons
 O Level 27 Throwing
 O Level 27 Armour
 O Level 27 Dodging
 O Level 27 Stealth
 O Level 27 Shields
 O Level 27 Unarmed Combat
 O Level 27 Spellcasting
 O Level 27 Invocations
 O Level 27 Evocations


You couldn't memorise any spells.
You knew the following spells:

 Your Spells              Type           Power      Damage    Failure   Level
a - Blink                 Tloc           100%       N/A       0%          2
b - Lesser Beckoning      Tloc           100%       N/A       0%          3
c - Gell's Gravitas       Tloc           100%       N/A       0%          3
d - Teleport Other        Tloc           100%       N/A       0%          3
e - Manifold Assault      Tloc           100%       N/A       0%          5
f - Magic Dart            Conj           100%       1d8       0%          1
g - Passwall              Tmut/Erth      91%        N/A       0%          2
h - Summon Guardian Gole  Hex/Summ       100%       N/A       0%          3
i - Sticky Flame          Conj/Fire      100%       2d11      0%          4
j - Metabolic Englaciati  Hex/Ice        55%        N/A       0%          5
k - Silence               Hex/Air        55%        N/A       0%          5
l - Iron Shot             Conj/Erth      55%        9d10      0%          6
m - Conjure Ball Lightni  Conj/Air       55%        3x3d20    0%          6
n - Eringya's Noxious Bo  Tmut/Pois      55%        N/A       0%          6
o - Summon Horrible Thin  Summ           55%        N/A       1%          8
p - Ozocubu's Refrigerat  Ice            55%        4d19      0%          7
q - Dragon's Call         Summ           55%        N/A       1%          9
r - Fire Storm            Conj/Fire      55%        8d14      1%          9
Your spell library was empty.

Dungeon Overview and Level Annotations

Branches:
Dungeon (1/1)

Altars:
Makhleb


Innate Abilities, Weirdness & Mutations

You are immune to sickness and miasma.
You are immune to poison.
Your flesh is very heat resistant. (rF++)
You are vulnerable to cold. (rC-)
You float through the air rather than walking.
You learn spells naturally, not from books.
Your magical power is your life essence.
You have superior vitality. (+4 MHP)


Message History

You barely resist.
You hear a shout! x3
The meat beast trumpets, "Run away, thou feckless pigeon-egg surfacer!"
The observer gazes at you. Something smites you!
* * * LOW HITPOINT WARNING * * *
The wretched soul appears confused.
A meat berserker comes into view. It is wielding a +9 battleaxe.
You're too confused to move!
You hear a shout! x5
The fleshlord mumbles some strange words.
The fleshlord seems to speed up.
The dread calls on the powers of darkness!
The fleshlord convulses! x3; The bag of meat convulses!
The fleshlord convulses! x2
The bag of meat convulses!
The fleshlord convulses! x2
The meat berserker convulses!
The fleshlord convulses!
The bag of meat convulses!
The observer convulses!
The fleshlord convulses!
Your body is wracked with pain!
* * * LOW HITPOINT WARNING * * *
The bag of meat convulses!
The meat berserker convulses!
The bag of meat convulses!
The meat berserker convulses!
The fleshlord convulses!
The wretched soul appears confused.
You barely resist.
You hear a shout! x2
The fleshlord points at you and mumbles some strange words.
You barely resist.
You hear a shout!
The dread calls on the powers of darkness!
The bag of meat convulses! x2; The observer convulses!
The fleshlord convulses! x3
The bag of meat convulses!
The meat berserker convulses!
The fleshlord convulses! x2; The scourge convulses!
The fleshlord convulses!
The meat berserker convulses!
The fleshlord convulses!
The bag of meat convulses!
The fleshlord convulses! x2
Your body is wracked with pain!
* * * LOW HITPOINT WARNING * * *
The wretched soul hits itself but does no damage.
You hear a shout! x2
The destroyer is engulfed in blazing flames.
The fleshlord hits you with a +9 great mace!!!!
Ouch! That really hurt!
You die... ...###... #......Oo.. .p #... #.......WW So○p

#.. #.....GpoO#2§z§ ..
#...W.oWW#p#W#V ..
#))...opp)#.#D))§§§
#..##.2Vp.p9.#.§)§§ ..
#......ppp.p#†..†.#)))..
#.....#@W...........)...
#.....V.9........##.#...
####.....##.....).......
####......####....#..
####...)..........
####...........
####..)..... #########


You could see 2 meat beasts, an eight-headed meat hydra, 3 destroyers, an
observer (fast, invisible), a scourge, 12 fleshlords, a sculptor of flesh, 4
dreads, 2 viles, 2 meat berserkers, 3 wretched souls and 5 bags of meat.

Vanquished Creatures
  4 molten gargoyles (D)
  Sigmund (D)
  21 vampire knights (D)
  52 ogres (D)
  14 two-headed ogres (D)
  15 liches (D)
  17 hydras (D)
  20 phantoms (D)
  11 hell beasts (D)
  119 orcs (D)
  12 skeletal warriors (D)
  11 hell knights (D)
  21 sea snakes (D)
  7 royal mummies (D)
  19 great orbs of eyes (D)
  13 wraiths (D)
  Harold (D)
358 creatures vanquished.

Notes
Turn   | Place    | Note
-------+----------+-------------------------------------------
     0 | D        | Found the +∞ Axe of Woe
     0 | D        | Ashen the Djinni Warper began the quest for the Orb.
     0 | D        | Ashen set off with the following spells memorised: Blink,
                  | Lesser Beckoning, Gell's Gravitas, Teleport Other, Manifold
                  | Assault.
     0 | D        | Reached XP level 1. HP: 18/18 MP: 0/0
     1 | D        | Noticed a bag of meat
     3 | D        | Became a worshipper of Makhleb the Destroyer
     3 | D        | Noticed a bag of meat
     3 | D        | Noticed a bag of meat
     4 | D        | Noticed a bag of meat
     5 | D        | Killed a bag of meat
     6 | D        | Reached XP level 2. HP: 23/23 MP: 0/0
     6 | D        | Reached XP level 3. HP: 28/28 MP: 0/0
     6 | D        | Learned a level 1 spell: Magic Dart
     6 | D        | Reached XP level 4. HP: 33/33 MP: 0/0
     6 | D        | Reached XP level 5. HP: 38/38 MP: 0/0
     6 | D        | Learned a level 2 spell: Passwall
     6 | D        | Reached XP level 6. HP: 43/43 MP: 0/0
     6 | D        | Reached XP level 7. HP: 49/49 MP: 0/0
     6 | D        | Learned a level 3 spell: Summon Guardian Golem
     6 | D        | Reached XP level 8. HP: 54/54 MP: 0/0
     6 | D        | Reached XP level 9. HP: 58/58 MP: 0/0
     6 | D        | Learned a level 4 spell: Sticky Flame
     6 | D        | Reached XP level 10. HP: 64/64 MP: 0/0
     6 | D        | Reached XP level 11. HP: 68/68 MP: 0/0
     6 | D        | Learned a level 5 spell: Metabolic Englaciation
     6 | D        | Noticed a bag of meat
     6 | D        | Noticed a bag of meat
     6 | D        | Noticed a meat berserker
     8 | D        | Killed a bag of meat
     8 | D        | Reached * piety under Makhleb
     8 | D        | Noticed a bag of meat
     8 | D        | Noticed a meat berserker
     8 | D        | Noticed a bag of meat
     9 | D        | Reached XP level 12. HP: 86/86 MP: 0/0
     9 | D        | Killed a bag of meat
     9 | D        | Killed a bag of meat
    10 | D        | Reached XP level 13. HP: 102/102 MP: 0/0
    10 | D        | Learned a level 5 spell: Silence
    10 | D        | Killed a bag of meat
    10 | D        | Reached ** piety under Makhleb
    11 | D        | Reached XP level 14. HP: 111/111 MP: 0/0
    11 | D        | Killed a meat berserker
    12 | D        | Reached skill level 15 in Fighting
    12 | D        | Reached skill level 15 in Armour
    12 | D        | Noticed a meat berserker
    12 | D        | Noticed a meat berserker
    13 | D        | Noticed a meat berserker
    13 | D        | Noticed a bag of meat
    13 | D        | Noticed a bag of meat
    13 | D        | Noticed a meat berserker
    14 | D        | Noticed a bag of meat
    14 | D        | Noticed a bag of meat
    14 | D        | Noticed a bag of meat
    15 | D        | Noticed a large bag of meat
    15 | D        | Noticed a bag of meat
    15 | D        | Noticed a bag of meat
    15 | D        | Noticed a bag of meat
    15 | D        | Noticed a bag of meat
    16 | D        | Killed a meat berserker
    16 | D        | Killed a meat berserker
    16 | D        | Reached *** piety under Makhleb
    16 | D        | Killed a meat berserker
    16 | D        | Noticed a bag of meat
    16 | D        | Noticed a bag of meat
    16 | D        | Noticed a bag of meat
    17 | D        | Reached XP level 15. HP: 130/130 MP: 0/0
    17 | D        | Learned a level 6 spell: Iron Shot
    17 | D        | Reached XP level 16. HP: 137/137 MP: 0/0
    18 | D        | Noticed a meat berserker
    18 | D        | Noticed a meat berserker
    19 | D        | Killed a meat berserker
    19 | D        | Reached **** piety under Makhleb
    20 | D        | Reached skill level 27 in Axes
    20 | D        | Reached XP level 17. HP: 148/148 MP: 0/0
    20 | D        | Learned a level 6 spell: Conjure Ball Lightning
    20 | D        | Noticed a meat berserker
    21 | D        | Noticed a large bag of meat
    22 | D        | Reached ***** piety under Makhleb
    22 | D        | Noticed a destroyer
    22 | D        | Noticed a large bag of meat
    22 | D        | Noticed a meat berserker
    23 | D        | Killed a large bag of meat
    23 | D        | Noticed a destroyer
    24 | D        | Reached skill level 27 in Fighting
    24 | D        | Reached skill level 27 in Armour
    24 | D        | Reached skill level 27 in Dodging
    24 | D        | Reached XP level 18. HP: 148/167 MP: 0/0
    24 | D        | Killed a meat berserker
    24 | D        | Reached ****** piety under Makhleb
    24 | D        | Noticed a destroyer
    25 | D        | Reached XP level 19. HP: 171/174 MP: 0/0
    25 | D        | Learned a level 6 spell: Eringya's Noxious Bog
    25 | D        | Killed a destroyer
    25 | D        | Killed a meat berserker
    25 | D        | Killed a meat berserker
    26 | D        | Reached skill level 27 in Spellcasting
    26 | D        | Reached XP level 20. HP: 178/181 MP: 0/0
    26 | D        | Noticed a large bag of meat
    26 | D        | Noticed a meat berserker
    27 | D        | Reached XP level 21. HP: 182/187 MP: 0/0
    27 | D        | Learned a level 8 spell: Summon Horrible Things
    27 | D        | Killed a large bag of meat
    27 | D        | Killed a meat berserker
    27 | D        | Killed a destroyer
    28 | D        | Reached skill level 27 in Throwing
    28 | D        | Reached XP level 22. HP: 134/194 MP: 0/0
    28 | D        | Killed a meat berserker
    28 | D        | Noticed an eight-headed meat hydra
    29 | D        | Reached skill level 10 in Maces & Flails
    29 | D        | Reached skill level 10 in Polearms
    29 | D        | Reached skill level 10 in Ranged Weapons
    29 | D        | Killed a large bag of meat
    29 | D        | Killed a meat berserker
    30 | D        | Reached XP level 23. HP: 196/201 MP: 0/0
    30 | D        | Learned a level 7 spell: Ozocubu's Refrigeration
    30 | D        | Noticed a destroyer
    31 | D        | Reached skill level 15 in Short Blades
    31 | D        | Reached skill level 15 in Shields
    31 | D        | Reached skill level 15 in Unarmed Combat
    31 | D        | Reached skill level 15 in Invocations
    31 | D        | Reached skill level 15 in Evocations
    31 | D        | Killed a large bag of meat
    32 | D        | Reached skill level 15 in Long Blades
    32 | D        | Reached skill level 15 in Staves
    32 | D        | Reached skill level 15 in Stealth
    32 | D        | Reached XP level 24. HP: 199/208 MP: 0/0
    32 | D        | Noticed a destroyer
    32 | D        | Killed a destroyer
    32 | D        | Killed a destroyer
    33 | D        | Reached XP level 25. HP: 211/214 MP: 0/0
    33 | D        | Learned a level 9 spell: Dragon's Call
    33 | D        | Noticed a destroyer
    33 | D        | Noticed The Servant
    33 | D        | Noticed a destroyer
    34 | D        | Killed a destroyer
    34 | D        | Killed The Servant
    35 | D        | Noticed a destroyer
    36 | D        | Killed a destroyer
    37 | D        | Reached XP level 26. HP: 221/221 MP: 0/0
    37 | D        | Killed a destroyer
    42 | D        | Noticed a destroyer
    43 | D        | Killed a destroyer
    43 | D        | Noticed a tyrant
    44 | D        | Reached XP level 27. HP: 228/228 MP: 0/0
    44 | D        | Learned a level 9 spell: Fire Storm
    44 | D        | Noticed a tyrant
    44 | D        | Killed a tyrant
    44 | D        | Killed a tyrant
    46 | D        | Noticed an accursed
    46 | D        | Killed an accursed
    47 | D        | Noticed a destroyer
    48 | D        | Killed a destroyer
    51 | D        | Reached skill level 27 in Shields
    51 | D        | Reached skill level 27 in Unarmed Combat
    51 | D        | Reached skill level 27 in Invocations
    51 | D        | Reached skill level 27 in Evocations
    52 | D        | Noticed an accursed
    52 | D        | Killed an accursed
    53 | D        | Reached skill level 27 in Short Blades
    53 | D        | Noticed a tyrant
    53 | D        | Killed a tyrant
    53 | D        | Noticed a tyrant
    53 | D        | Noticed a destroyer
    54 | D        | Killed a destroyer
    54 | D        | Killed a tyrant
    54 | D        | Noticed a tyrant
    55 | D        | Reached skill level 27 in Long Blades
    55 | D        | Reached skill level 27 in Staves
    55 | D        | Reached skill level 27 in Stealth
    55 | D        | Killed a tyrant
    56 | D        | Reached skill level 27 in Maces & Flails
    56 | D        | Reached skill level 27 in Polearms
    56 | D        | Reached skill level 27 in Ranged Weapons
    62 | D        | Noticed a meat beast
    63 | D        | Killed a meat beast
    69 | D        | Noticed a meat beast
    70 | D        | Killed a meat beast
    72 | D        | Noticed a dread
    75 | D        | Killed a dread
    77 | D        | Noticed a tyrant
    78 | D        | Killed a tyrant
    83 | D        | Noticed a meat beast
    84 | D        | Killed a meat beast
    90 | D        | Noticed a tyrant
    90 | D        | Killed a tyrant
    93 | D        | Noticed a meat beast
    93 | D        | Noticed a large bag of meat
    93 | D        | Noticed a destroyer
    94 | D        | Killed a large bag of meat
    94 | D        | Killed a destroyer
    96 | D        | Killed a meat beast
   106 | D        | Noticed a dread
   107 | D        | Killed a dread
   110 | D        | Noticed a meat beast
   110 | D        | Noticed a meat beast
   111 | D        | Noticed a dread
   111 | D        | Killed a dread
   111 | D        | Killed a meat beast
   111 | D        | Killed a meat beast
   111 | D        | Noticed a large bag of meat
   111 | D        | Noticed a meat beast
   112 | D        | Killed a meat beast
   113 | D        | Killed a large bag of meat
   115 | D        | Noticed a tyrant
   116 | D        | Killed a tyrant
   116 | D        | Noticed a destroyer
   117 | D        | Killed a destroyer
   117 | D        | Noticed a destroyer
   118 | D        | Killed a destroyer
   120 | D        | Noticed a large bag of meat
   120 | D        | Noticed a fleshlord
   120 | D        | Killed a fleshlord
   120 | D        | Killed a large bag of meat
   120 | D        | Noticed a meat beast
   120 | D        | Noticed a dread
   121 | D        | Killed a dread
   122 | D        | Killed a meat beast
   122 | D        | Noticed a tyrant
   123 | D        | Killed a tyrant
   124 | D        | Noticed an accursed
   125 | D        | Killed an accursed
   126 | D        | Noticed a fleshlord
   127 | D        | Killed a fleshlord
   129 | D        | Noticed a large bag of meat
   130 | D        | Killed a large bag of meat
   130 | D        | Noticed a tyrant
   131 | D        | Noticed a destroyer
   132 | D        | Killed a destroyer
   132 | D        | Noticed a dread
   132 | D        | Noticed a fleshlord
   133 | D        | Killed a fleshlord
   134 | D        | Killed a tyrant
   134 | D        | Killed a dread
   135 | D        | Noticed a fleshlord
   136 | D        | Killed a fleshlord
   136 | D        | Noticed a meat beast
   138 | D        | Noticed a large bag of meat
   139 | D        | Killed a large bag of meat
   139 | D        | Noticed an accursed
   140 | D        | Killed a meat beast
   140 | D        | Killed an accursed
   140 | D        | Noticed an accursed
   141 | D        | Killed an accursed
   142 | D        | Noticed a tyrant
   144 | D        | Killed a tyrant
   154 | D        | Noticed a fleshlord
   155 | D        | Killed a fleshlord
   170 | D        | Noticed a large bag of meat
   170 | D        | Noticed an accursed
   172 | D        | Killed a large bag of meat
   172 | D        | Killed an accursed
   173 | D        | Noticed The Captor
   174 | D        | Killed The Captor
   181 | D        | Noticed a fleshlord
   182 | D        | Killed a fleshlord
   191 | D        | Noticed an accursed
   192 | D        | Killed an accursed
   194 | D        | Noticed a tyrant
   195 | D        | Killed a tyrant
   197 | D        | Noticed a dread
   197 | D        | Killed a dread
   198 | D        | Noticed a fleshlord
   199 | D        | Killed a fleshlord
   199 | D        | Noticed a fleshlord
   199 | D        | Noticed a large bag of meat
   200 | D        | Killed a fleshlord
   200 | D        | Killed a large bag of meat
   202 | D        | Noticed a dread
   202 | D        | Killed a dread
   207 | D        | Noticed a fleshlord
   208 | D        | Killed a fleshlord
   216 | D        | Noticed a vile
   216 | D        | Killed a vile
   224 | D        | Noticed a dread
   225 | D        | Killed a dread
   225 | D        | Noticed a dread
   225 | D        | Noticed a large bag of meat
   226 | D        | Killed a dread
   226 | D        | Killed a large bag of meat
   226 | D        | Noticed a large bag of meat
   227 | D        | Killed a large bag of meat
   227 | D        | Noticed a fleshlord
   228 | D        | Killed a fleshlord
   228 | D        | Noticed a tyrant
   228 | D        | Noticed a dread
   229 | D        | Noticed a vile
   229 | D        | Killed a vile
   229 | D        | Killed a dread
   229 | D        | Killed a tyrant
   229 | D        | Noticed a fleshlord
   230 | D        | Noticed a destroyer
   231 | D        | Killed a destroyer
   231 | D        | Killed a fleshlord
   237 | D        | Noticed a tyrant
   237 | D        | Noticed a meat beast
   238 | D        | Killed a meat beast
   238 | D        | Killed a tyrant
   240 | D        | Noticed a destroyer
   240 | D        | Noticed a destroyer
   241 | D        | Killed a destroyer
   241 | D        | Noticed a dread
   242 | D        | Killed a destroyer
   243 | D        | Killed a dread
   244 | D        | Noticed a vile
   244 | D        | Killed a vile
   245 | D        | Noticed a destroyer
   246 | D        | Killed a destroyer
   246 | D        | Noticed a destroyer
   247 | D        | Killed a destroyer
   247 | D        | Noticed a large bag of meat
   248 | D        | Killed a large bag of meat
   248 | D        | Noticed a dread
   248 | D        | Noticed a destroyer
   249 | D        | Killed a dread
   249 | D        | Killed a destroyer
   249 | D        | Noticed a dread
   250 | D        | Killed a dread
   252 | D        | Noticed a tyrant
   253 | D        | Noticed a destroyer
   253 | D        | Noticed a vile
   253 | D        | Killed a destroyer
   253 | D        | Killed a tyrant
   254 | D        | Noticed a fleshlord
   254 | D        | Noticed a dread
   255 | D        | Noticed a destroyer
   255 | D        | Noticed a destroyer
   255 | D        | Noticed a dread
   255 | D        | Noticed a vile
   255 | D        | Noticed a fleshlord
   255 | D        | Noticed a fleshlord
   256 | D        | Noticed a fleshlord
   256 | D        | Noticed a meat beast
   256 | D        | Noticed a dread
   256 | D        | Noticed a fleshlord
   256 | D        | Noticed a dread
   256 | D        | Noticed a fleshlord
   256 | D        | Noticed a fleshlord
   256 | D        | Noticed a dread
   257 | D        | Noticed a fleshlord
   257 | D        | Killed a vile
   257 | D        | Noticed a fleshlord
   257 | D        | Noticed a destroyer
   257 | D        | Noticed a vile
   257 | D        | Noticed a fleshlord
   258 | D        | Noticed a meat beast
   259 | D        | Killed a meat beast
   259 | D        | Noticed a meat beast
   259 | D        | HP: 10/228 [??? (8)]
   260 | D        | Noticed a fleshlord
   261 | D        | Annihilated by a fleshlord

Illustrated notes

Levels and vault maps discovered:
D:        meatsprint

Skill      XL: |  1  2  3  4  5  6  7  8  9 10 11 12 13 14 15 16 17 18 19 20 21 22 23 24 25 26 27 |
---------------+----------------------------------------------------------------------------------+-----
Axes           | 21 22 23 26 27 | 27.0
Fighting       | 8 12 13 20 21 27 | 27.0
Armour         | 7 12 13 20 21 27 | 27.0
Dodging        | 8 13 14 21 23 27 | 27.0
Spellcasting   | 13 22 27 | 27.0
Throwing       | 21 26 27 | 27.0
Short Blades   | 13 16 18 21 23 27 | 27.0
Long Blades    | 13 15 17 20 22 27 | 27.0
Maces & Flails | 12 14 16 19 20 27 | 27.0
Polearms       | 12 14 16 19 20 27 | 27.0
Staves         | 13 15 17 20 22 27 | 27.0
Ranged Weapons | 12 14 16 19 20 27 | 27.0
Stealth        | 13 15 17 20 22 27 | 27.0
Shields        | 14 17 19 22 24 27 | 27.0
Unarmed Combat | 14 17 19 22 24 27 | 27.0
Invocations    | 14 17 19 22 24 27 | 27.0
Evocations     | 14 17 19 22 24 27 | 27.0

Action                   |  1- 3 |  4- 6 |  7- 9 | 10-12 | 13-15 | 16-18 | 19-21 | 22-24 | 25-27 || total
-------------------------+-------+-------+-------+-------+-------+-------+-------+-------+-------++-------
Melee: Executioner's axe |     1 |       |       |     2 |     3 |     5 |     9 |    17 |   297 ||   334
 Cast: Manifold Assault  |       |       |       |       |       |       |     2 |     4 |   128 ||   134
Armor: Leather armour    |       |       |       |       |       |       |       |       |     2 ||     2
Dodge: Dodged            |       |       |       |       |       |       |     1 |       |     1 ||     2
